 Dungeon Crawl Stone Soup version 0.26.1-11-gd32895ea62 (webtiles) character file.

Game seed: 17421181783049896340

165 nothank2 the Grave Robber (level 5, -11/35 HPs)
             Began as a Demonspawn Necromancer on July 15, 2021.
             Mangled by Sigmund
             ... wielding a +0 scythe
              (13 damage)
             ... on level 4 of the Dungeon.
             The game lasted 00:08:47 (3718 turns).

nothank2 the Grave Robber (Demonspawn Necromancer)  Turns: 3718, Time: 00:08:48

Health: -11/35     AC:  4    Str:  8    XL:     5   Next: 21%
Magic:  9/9        EV: 11    Int: 17    God:
Gold:   146        SH:  3    Dex: 14    Spells: 0/10 levels left

rFire    . . .     SeeInvis .   b - +1 mace
rCold    . . .     Faith    .   o - +0 buckler
rNeg     . . .     Spirit   .   a - +0 robe
rPois    .         Reflect  .   (helmet restricted)
rElec    .         Harm     .   (no cloak)
rCorr    .         Rampage  .   (no gloves)
Will     .....                  (no boots)
Stlth    ++........             m - amulet of magic regeneration
HPRegen  0.11/turn              (no ring)
MPRegen  0.36/turn              (no ring)

@: mighty
A: antennae 1, yellow scales 1, powered by pain 1, miasma immunity
a: no special abilities


You were on level 4 of the Dungeon.
You visited 1 branch of the dungeon, and saw 4 of its levels.

You collected 146 gold pieces.

Inventory:

Hand Weapons
 b - a +1 mace (weapon)
 g - a -1 hand axe
Armour
 a - a +0 robe (worn)
 o - a +0 buckler (worn)
Jewellery
 m - an amulet of magic regeneration (around neck)
Wands
 i - a wand of digging (7)
 j - a wand of flame (16)
Scrolls
 c - a scroll of enchant weapon
 e - a scroll of identify
Potions
 d - 2 potions of haste {unknown}
 f - a potion of invisibility {unknown}
 h - 2 potions of curing
 k - a potion of mutation {unknown}
 l - a potion of flight {unknown}
 n - a potion of heal wounds {unknown}


   Skills:
 - Level 1.7 Dodging
 - Level 1.7 Stealth
 * Level 0.0 Shields
 - Level 3.2 Spellcasting
 - Level 6.4 Necromancy


You couldn't memorise any spells.
You knew the following spells:

 Your Spells              Type           Power        Failure   Level
a - Pain                  Necr           96%          1%          1
b - Animate Dead          Necr           12%          21%         4
c - Agony                 Necr           24%          50%         5

Your spell library contained the following spells:

 Spells                   Type           Power        Failure   Level
 Animate Skeleton         Necr           48%          1%          1
 Vampiric Draining        Necr           12%          6%          3


Dungeon Overview and Level Annotations

Branches:
Dungeon (4/15)
 Temple: D:4-7

Altars:
Cheibriados

Annotations:
D:3 2 runed translucent doors, nothank2's ghost, amateur FoFi
D:4 Sigmund


Innate Abilities, Weirdness & Mutations

You have a pair of small antennae on your head.
You are partially covered in yellow scales. (AC +2)
You sometimes gain a little power by taking damage.
You are immune to miasma.


Message History

Casting: Pain (safe; 1% risk of failure)
Confirm with . or Enter, or press ? or * to list all spells.
You don't know that spell.
Casting: Pain (safe; 1% risk of failure)
Confirm with . or Enter, or press ? or * to list all spells.
Aiming: Pain (safe; 1% risk of failure)
Press: ? - help, Shift-Dir - straight line Something writhes in agony.
You are confused.
A magic dart appears from out of thin air!
The magic dart hits you.
* * * LOW HITPOINT WARNING * * *
You're too confused to move!
You bump into the rock wall.
Something hits you.
* * * LOW HITPOINT WARNING * * *
You hear some strange, mumbled words.
Something tries to affect you, but you resist.
You feel less confused. Something hits you!
You die...

.............#
.............+
......>......## #
.....[........##.#
.................# ####
.#..............##
...##.#........{......#
...##.#........#.###..#
...+...#........@<....#
...##..#######........#
#......#............#.#
#.#....#................
#.#........##########.#
#.#<.......# .#
#.###.....## #
#.........# ......#...#


There were no monsters in sight!

Vanquished Creatures
  Jessica (D:3)
  A worker ant (D:4)
  5 adders
  2 worms
  3 dart slugs
  3 leopard geckos (D:2)
  An orc (D:3)
  7 bats
  3 giant cockroaches
  9 goblins
  2 hobgoblins
  6 kobolds
  2 quokkas (D:3)
  5 frilled lizards
  8 rats
58 creatures vanquished.

Vanquished Creatures (others)
  2 plants (D:3)
2 creatures vanquished.

Grand Total: 60 creatures vanquished

Notes
Turn   | Place    | Note
-------+----------+-------------------------------------------
     0 | D:1      | nothank2 the Demonspawn Necromancer began the quest for the
                  | Orb.
     0 | D:1      | Reached XP level 1. HP: 13/13 MP: 3/3
   280 | D:1      | Gained mutation: You have a pair of small antennae on your
                  | head. [demonic ancestry]
   280 | D:1      | Reached XP level 2. HP: 14/19 MP: 1/5
   712 | D:1      | Reached skill level 5 in Necromancy
  1254 | D:2      | Gained mutation: You are partially covered in yellow
                  | scales. (AC +2) [demonic ancestry]
  1254 | D:2      | Reached XP level 3. HP: 20/24 MP: 2/6
  2360 | D:3      | Found a faded altar of an unknown god.
  2366 | D:3      | Gained mutation: You are immune to miasma. [demonic
                  | ancestry]
  2366 | D:3      | Reached XP level 4. HP: 29/30 MP: 6/8
  2366 | D:3      | Found a snail-covered altar of Cheibriados.
  2376 | D:3      | Learned a level 4 spell: Animate Dead
  2444 | D:3      | Found a runed translucent door.
  2447 | D:3      | Noticed nothank2's ghost (amateur FoFi)
  2493 | D:3      | Found a runed translucent door.
  2788 | D:3      | Reached skill level 6 in Necromancy
  2927 | D:3      | Noticed Jessica
  2938 | D:3      | Killed Jessica
  2946 | D:3      | Gained mutation: You sometimes gain a little power by
                  | taking damage. [demonic ancestry]
  2946 | D:3      | Reached XP level 5. HP: 16/35 MP: 4/9
  3376 | D:4      | Noticed a phantom
  3631 | D:3      | Learned a level 5 spell: Agony
  3698 | D:4      | Noticed Sigmund
  3713 | D:4      | HP: 1/35 [something (4)]
  3718 | D:4      | Mangled by Sigmund

Illustrated notes

Levels and vault maps discovered:
D:1:      minmay_arrival_four_loops, layout_basic
D:2:      layout_loops_cross, minmay_unequal
D:3:      layout_basic, kennysheep_slug_shrine,
          chequers_ecumenical_altar_simple_redux, ebering_ghost_sewer_f,
          serial_bayou_ford_a, uniq_jessica
D:4:      layout_basic, eat_drink_and_be_merry_uskayaw, kennysheep_little_box,
          temple_statues, grunt_ministairs_15, uniq_menkaure, uniq_sigmund,
          uniq_duvessa

Skill      XL: |  1  2  3  4 |
---------------+-------------+-----
Necromancy     | 5 6 |  6.4
Spellcasting   | 3 |  3.2
Dodging        | |  1.7
Stealth        | |  1.7

Action                   |  1- 3 |  4- 6 || total
-------------------------+-------+-------++-------
Melee: Mace              |     9 |    11 ||    20
       Hand axe          |     5 |       ||     5
 Cast: Pain              |    68 |    46 ||   114
       Animate Dead      |       |     1 ||     1
  Use: Scroll            |     2 |     4 ||     6
 Stab: Sleeping          |     1 |       ||     1
Armor: Robe              |     6 |     2 ||     8
Dodge: Dodged            |    13 |     6 ||    19
